[Event "NJSK 2022 Meisjes C"]
[Site "Almelo, Netherlands"]
[Date "2022.05.05"]
[Round "5.3"]
[White "Gergin, Isafara"]
[Black "Liu, Chia-Yun"]
[Result "1/2-1/2"]
[TimeControl "90min/40moves + 30min + 30sec/move"]
[WhiteElo "1723"]
[BlackElo "1148"]

1. e4 e5 2. Nf3 Nc6 3. Bc4 Bc5 4. c3 Nf6 5. d3 d6 6. Bb3 O-O 7. h3 Be6 8. Bc2 h6 9. Nbd2 d5 10.
Qe2 d4 11. Nf1 Qd7 12. Ng3 dxc3 13. bxc3 Rad8 14. O-O Rfe8 15. Be3 Bd6 16. Nh4 b6 17. Qf3 Ne7 18. Bb3 Bxh3 19. gxh3 Qxh3 20.
Ngf5 Qxf3 21. Nxe7+ Rxe7 22. Nxf3 Nh5 23. Kh1 Nf4 24. Rg1 Kh7 25. Rg4 Nxd3 26. Rag1 g6 27. Rh4 Nf4 28. Ng5+ Kg7 29.
Nh3 Rh8 30. Nxf4 exf4 31. Bd4+ Be5 32. Rxf4 Bxd4 33. cxd4 h5 34. Rg3 Rf8 35. Rgf3 a5 36. e5 c6 37. Rf6 c5 38. d5 Rxe5 39.
Rxb6 Rc8 40. Rc6 Rxc6 41. dxc6 c4 42. Ba4 Rc5 43. Rc3 f5 44. Kg2 Kf6 45. f4 g5 46. Kg3 gxf4+ 47. Kxf4 h4 48.
Rh3 c3 49. Rh2 Rc4+ 50. Ke3 Rxa4 51. Kd3 Ke6 52. Kxc3 Kd6 53. Kb3 Rb4+ 54. Kc2 Kxc6 55. Rf2 f4 56. Rf3 Kb5 57. Rh3 Kc5 58.
Rxh4 f3 59. Rh5+ Kd4 60. Kd2 Rb2+ 61. Ke1 Rxa2 62. Kf1 a4 63. Rh8 Kd3 64. Rd8+ Kc2 65. Kf2 Ra3 66. Ra8 Kb1 67. Ra7 Ra2+ 68.
Kxf3 Kb2 69. Ke3 Ka3 70. Kd3 Rb2 71. Kc3 Rb3 72. Kc2 Rg3 73. Ra8 Rg4 74. Rb8 Ka2 75. Rb2+ Ka1 76. Rb1+ Ka2 77.
Rb2+ Ka3 78. Rb8 Rc4+ 79. Kb1 Rc3 80. Ka1 Rb3 81. Ra8 Rb4 82. Rh8 1/2-1/2

[Event "NJSK 2022 Meisjes C"]
[Site "Almelo, Netherlands"]
[Date "2022.05.05"]
[Round "5.4"]
[White "Damen, Josephine"]
[Black "Roebers, Bregje"]
[Result "1-0"]
[TimeControl "90min/40moves + 30min + 30sec/move"]
[WhiteElo "1600"]
[BlackElo "1214"]

1. e4 e5 2. Nf3 d5 3. exd5 e4 4. Qe2 Qe7 5. Nd4 Nf6 6. Nc3 Qe5 7. Nb3 Bd6 8. d3 exd3 9. cxd3 O-O 10.
Qxe5 Bxe5 11. d4 Bd6 12. Bg5 Bb4 13. Bxf6 Bxc3+ 14. bxc3 gxf6 15. Kd2 Nd7 16. Re1 Nb6 17. c4 c6 18.
dxc6 bxc6 19. Bd3 Be6 20. c5 Bxb3 21. axb3 Nd5 22. Re4 h6 23. g4 Rab8 24. Bc4 a5 25. Ra1 Ra8 26. Bxd5 cxd5 27.
Rf4 Kg7 28. Rf5 Rfd8 29. Kc3 Ra7 30. h3 Rdd7 31. Kd3 Rdb7 32. Ra3 Rd7 33. f4 Ra8 34. b4 a4 35. b5 Rdd8 36. b6 Ra5 37.
Kc3 Rb5 38. Rxa4 Rb1 39. Rb4 Re1 40. Rb3 Ree8 41. b7 1-0

[Event "NJSK 2022 Meisjes C"]
[Site "Almelo, Netherlands"]
[Date "2022.05.05"]
[Round "5.5"]
[White "Fu, Janice"]
[Black "Van Apeldoorn, Vera"]
[Result "1-0"]
[TimeControl "90min/40moves + 30min + 30sec/move"]
[WhiteElo "1344"]
[BlackElo "1022"]

1. e4 e5 2. Nf3 Nc6 3. Bc4 Nf6 4. d3 Bc5 5. Nc3 O-O 6. Bg5 h6 7. Bh4 Be7 8. O-O d6 9. h3 Na5 10.
Bb3 Nxb3 11. axb3 Be6 12. d4 exd4 13. Qxd4 Re8 14. Rxa7 Rxa7 15. Qxa7 b6 16. Re1 Qd7 17. Bg3 Nh5 18.
Bh2 Nf6 19. e5 dxe5 20. Nxe5 Qc8 21. Nc6 Bd6 22. Bxd6 cxd6 23. Ne7+ Rxe7 24. Qxe7 d5 25.
Qd6 b5 26. Qb6 Bd7 27. Re2 Qc6 28. Qxc6 Bxc6 29. Re7 Ne4 30. Rc7 Nxc3 31. Rc8+ Kh7 32. Rxc6 Ne2+ 33. Kf1 Nd4 34. Rc5 Kg6 35.
c3 Nxb3 36. Rxb5 Nd2+ 37. Ke1 Nc4 38. b3 Nd6 39. Rxd5 Ne4 40. c4 Kf6 41. f3 Ng5 42. b4 Ne6 43. c5 Ke7 44. c6 f6 45.
b5 Nf4 46. Rd7+ Ke6 47. Kf2 Nd5 48. Rxd5 Kxd5 49. c7 Kd4 50. c8=Q g5 51. b6 g4 52. b7 gxh3 53. gxh3 h5 54.
b8=R h4 55. Qd7+ Ke5 56. Re8+ Kf4 57. Qg4# 1-0

[Event "NJSK 2022 Meisjes C"]
[Site "Almelo, Netherlands"]
[Date "2022.05.05"]
[Round "5.6"]
[White "Yildirim, Azra"]
[Black "Tunyluhulima, Serana"]
[Result "0-1"]
[TimeControl "90min/40moves + 30min + 30sec/move"]
[WhiteElo "985"]
[BlackElo "1617"]

1. e4 e5 2. Nf3 Nc6 3. Bb5 d6 4. d4 a6 5. Bxc6+ bxc6 6. h3 Nf6 7. Nc3 Be6 8. O-O exd4 9.
Nxd4 c5 10. Nxe6 fxe6 11. Re1 e5 12. Nd5 Be7 13. c3 O-O 14. Qb3 Nxd5 15. Qxd5+ Kh8 16. g3 Qd7 17. Kg2 c6 18. Qd1 Rf7 19.
h4 Raf8 20. Rf1 d5 21. exd5 cxd5 22. Bg5 d4 23. Qe2 Qd5+ 24. Kh2 Bxg5 25. hxg5 Rf5 26. f4 exf4 27. gxf4 dxc3 28. bxc3 Qd6 29.
Rad1 Qc7 30. Qe4 Rxg5 31. Rde1 Rh5+ 32. Kg3 Qd7 33. Rh1 Rxh1 34. Rxh1 h6 35. Qe5 Qd3+ 36. Kg4 Qg6+ 37. Kf3 Qc6+ 38.
Kf2 Qxh1 39. Qxc5 Rxf4+ 40. Ke2 Qf1+ 41. Kd2 Rf2+ 42. Qxf2 Qxf2+ 43. Kd3 g5 44. c4 g4 45. Kc3 g3 46.
c5 g2 47. c6 g1=Q 48. c7 Qd4+ 49. Kb3 Qge3+ 50. Kc2 Qdd2+ 51. Kb1 Qee1# 0-1

[Event "NJSK 2022 Meisjes C"]
[Site "Almelo, Netherlands"]
[Date "2022.05.05"]
[Round "5.7"]
[White "Verbunt, Lisa"]
[Black "Kulikova, Polina"]
[Result "0-1"]
[TimeControl "90min/40moves + 30min + 30sec/move"]
[WhiteElo "807"]
[BlackElo "1117"]

1. e4 c6 2. d4 d5 3. e5 c5 4. c3 Nc6 5. Nf3 Bg4 6. Be2 e6 7. O-O Nge7 8. Be3 Nf5 9. h3 Bxf3 10.
Bxf3 cxd4 11. cxd4 Qb6 12. Qa4 Qxb2 13. Nd2 Nxe3 14. fxe3 Qxd2 15. Rfe1 Qa5 16. Qb3 Rb8 17. Rec1 Qa3 18.
Be2 Qxb3 19. axb3 a6 20. Ra4 Kd7 21. Rb1 Bb4 22. Bf3 Be7 23. e4 dxe4 24. Bxe4 g6 25. Rc1 Rhc8 26. d5 exd5 27.
Bxd5 Nxe5 28. Rd1 Ke8 29. Re4 Nc6 30. Rf1 f5 31. Re3 Kf8 32. Rfe1 Bc5 0-1

[Event "NJSK 2022 Meisjes C"]
[Site "Almelo, Netherlands"]
[Date "2022.05.05"]
[Round "5.8"]
[White "De Bruijne, Marlies"]
[Black "Hagen, Carlijn"]
[Result "1-0"]
[TimeControl "90min/40moves + 30min + 30sec/move"]
[WhiteElo "858"]
[BlackElo "783"]

1. e4 e5 2. Nf3 Nc6 3. Bc4 Nf6 4. d3 Be7 5. O-O a6 6. Nc3 d6 7. h3 h6 8. Nd5 Nxd5 9. Bxd5 Bd7 10.
Bd2 Rb8 11. Bxc6 Bxc6 12. b3 Bf6 13. Rb1 O-O 14. Be3 b6 15. c3 d5 16. Qc2 Bb5 17. exd5 c6 18. c4 Bxc4 19. Qxc4 cxd5 20.
Qxa6 d4 21. Bd2 Ra8 22. Qb5 Rxa2 23. Rfc1 Qb8 24. Ra1 Rb2 25. Ra6 Bd8 26. Rd1 Bc7 27. Qc6 Rxb3 28. Rda1 Qd8 29. Ra8 Bb8 30.
Nxe5 Qe7 31. Nd7 Rd8 32. Rxb8 Rxb8 33. Nxb8 Rxd3 34. Qc2 Qe4 35. Ra3 Qb7 36. Rxd3 Qxb8 37. Rxd4 Qe5 38. Rd8+ Qe8 39.
Rxe8# 1-0

[Event "NJSK 2022 Meisjes C"]
[Site "Almelo, Netherlands"]
[Date "2022.05.05"]
[Round "5.9"]
[White "Koorevaar, Sarah-Joy"]
[Black "Jonkman, Sophia"]
[Result "1-0"]
[TimeControl "90min/40moves + 30min + 30sec/move"]
[WhiteElo "849"]
[BlackElo "1417"]

1. d4 Nf6 2. c4 g6 3. Nc3 Bg7 4.
Bf4 d6 5. g3 Nh5 6. Be3 O-O 7. Bg2 c6 8. Nf3 e5 9. O-O Qc7 10. Rc1 h6 11. Qd2 Kh7 12. Nh4 f5 13. Qc2 Qf7 14.
d5 g5 15. dxc6 Nxc6 16. Bd5 Qf6 17. Ng2 Nb4 18. Qb1 Nxd5 19. cxd5 Qg6 20. Nb5 a6 21. Nc7 Bd7 22. Nxa8 Rxa8 23.
Rc7 Rd8 24. Bb6 Qf7 25. Rxd7 Rxd7 26. g4 Nf4 27. gxf5 Nxe2+ 28. Kh1 Bf6 29. Qe4 Nf4 30. Nxf4 exf4 31. Qe6 Re7 32. Qxd6 Re2 33.
Rd1 Rxb2 34. Qc7 Qxc7 35. Bxc7 Rxf2 36. a3 f3 37. Kg1 Rg2+ 38. Kf1 g4 39. d6 Be5 40. Bb6 Rxh2 41. Rd5 Rh1+ 42.
Kf2 Rh2+ 43. Kg1 Rg2+ 44. Kf1 Rb2 45. d7 g3 46. d8=Q g2+ 47. Kg1 Rb1+ 48. Rd1 Rxd1+ 49. Qxd1 Kg7 50.
Qxf3 Kf6 51. Kxg2 Kg5 52. Bd8+ Bf6 53. Bxf6+ Kxf6 54. Qxb7 Kxf5 55. Qxa6 h5 56. Qb7 Kg4 57. Qf3+ Kg5 58. a4 h4 59. a5 1-0

[Event "NJSK 2022 Meisjes C"]
[Site "Almelo, Netherlands"]
[Date "2022.05.06"]
[Round "6.1"]
[White "Damen, Josephine"]
[Black "Maris, Lauri"]
[Result "1-0"]
[TimeControl "90min/40moves + 30min + 30sec/move"]
[WhiteElo "1600"]
[BlackElo "1619"]

1. e4 e5 2. Nf3 Nc6 3. Bc4 Bc5 4. c3 Nf6 5. d4 exd4 6. cxd4 Bb4+ 7. Nc3 Nxe4 8. O-O Bxc3 9. d5 Bf6 10.
Re1 Ne7 11. Rxe4 d6 12. Bg5 Bxg5 13. Nxg5 h6 14. Qe2 hxg5 15. Re1 O-O 16. Rxe7 g6 17. Bd3 Bd7 18. Qf3 Kg7 19. Qe4 Re8 20.
Qxg6+ Kf8 21. Rxf7# 1-0

[Event "NJSK 2022 Meisjes C"]
[Site "Almelo, Netherlands"]
[Date "2022.05.06"]
[Round "6.2"]
[White "Fu, Janice"]
[Black "Westerhof, Fleur"]
[Result "1-0"]
[TimeControl "90min/40moves + 30min + 30sec/move"]
[WhiteElo "1344"]
[BlackElo "1509"]

1. e4 e5 2. Nf3 Nc6 3. Bc4 Bc5 4. c3 Nf6 5. d4 exd4 6. e5 d5 7. Bb5 Ne4 8. cxd4 Bb6 9. h3 O-O 10.
O-O f6 11. Nc3 fxe5 12. Bxc6 bxc6 13. Nxe5 Qf6 14. Nxe4 dxe4 15. Qc2 Kh8 16. Qxe4 Bf5 17. Qxc6 Bxd4 18. Qxf6 Rxf6 19. Nf3 Bb6 20.
Bf4 Bxh3 21. Bg3 Rg6 22. Kh1 Bf5 23. Rac1 Rc8 24. Ne5 Re6 25. Rfd1 Kg8 26. Nd7 Ree8 27. b4 Red8 28. Nxb6 cxb6 29.
Rxd8+ Rxd8 30. Rc7 Ra8 31. Be5 a5 32. Rxg7+ Kf8 33. Rb7 Ra6 34. b5 Ra8 35. Rxb6 Ke7 36. f3 Kd7 37. Rd6+ Ke7 38.
b6 Rb8 39. Rf6 Bc8 40. Rh6 Rb7 41. f4 Bf5 42. a4 Bg6 43. Bc7 Ke6 44. Rh3 Kf5 45. Re3 Kf6 46. Re5 1-0

[Event "NJSK 2022 Meisjes C"]
[Site "Almelo, Netherlands"]
[Date "2022.05.06"]
[Round "6.3"]
[White "Feng, Elysia"]
[Black "Tunyluhulima, Serana"]
[Result "1-0"]
[TimeControl "90min/40moves + 30min + 30sec/move"]
[WhiteElo "1641"]
[BlackElo "1617"]

1. e4 e5 2. Nf3 Nc6 3. Bb5 Nf6 4. O-O Ng4 5. h3 h5 6. d3 a6 7. Bc4 Bc5 8. hxg4 hxg4 9. Ng5 d5 10.
Bxd5 O-O 11. g3 Nd4 12. c3 Nf3+ 13. Nxf3 gxf3 14. Qxf3 Qd6 15. Be3 Bxe3 16. fxe3 Qg6 17. Nd2 Bg4 18.
Qg2 Rad8 19. Nc4 Qh5 20. Qf2 c6 21. Bxf7+ Rxf7 22. Qxf7+ Qxf7 23. Rxf7 Kxf7 24. Nxe5+ Kg8 25. Nxg4 Rxd3 26.
Kf1 Rd8 27. Ke2 Re8 28. e5 Re6 29. Rd1 Kf8 30. Rd6 Re7 31. Kd3 1-0

[Event "NJSK 2022 Meisjes C"]
[Site "Almelo, Netherlands"]
[Date "2022.05.06"]
[Round "6.4"]
[White "Knobbe, Elise"]
[Black "Gergin, Isafara"]
[Result "1-0"]
[TimeControl "90min/40moves + 30min + 30sec/move"]
[WhiteElo "1553"]
[BlackElo "1723"]

1. c4 Nf6 2. Nc3 g6 3. g3 Bg7 4. Bg2 O-O 5. e4 d6 6. Nge2 Nbd7 7. O-O e5 8. d3 Ne8 9. Be3 f5 10.
exf5 gxf5 11. f4 c6 12. Re1 Nef6 13. h3 Qe8 14. Kh2 Qg6 15. Ng1 Kh8 16. Qf3 Rg8 17. Qf2 Bh6 18. Nge2 Nh5 19.
Rg1 exf4 20. Bxf4 Nxf4 21. Nxf4 Bxf4 22. gxf4 Qf6 23. d4 Nb6 24. b3 Be6 25. Qd2 d5 26. cxd5 Bxd5 27. Nxd5 Nxd5 28. Bxd5 cxd5 29. Rxg8+ Rxg8 30.
Re1 Qg6 31. Qf2 Qd6 32. Re5 Rf8 33. Qg2 Qc6 34. Qe2 Qd7 35. Re7 Qc6 36. Qe5+ Qf6 37. Qxf6+ Rxf6 38. Rxb7 Ra6 39. a4 Rb6 40.
Rxb6 axb6 41. b4 Kg8 42. a5 Kf7 43. a6 Ke7 44. a7 Kd7 45. a8=Q 1-0

[Event "NJSK 2022 Meisjes C"]
[Site "Almelo, Netherlands"]
[Date "2022.05.06"]
[Round "6.5"]
[White "Liu, Chia-Yun"]
[Black "Kulikova, Polina"]
[Result "1/2-1/2"]
[TimeControl "90min/40moves + 30min + 30sec/move"]
[WhiteElo "1148"]
[BlackElo "1117"]

1. e4 c6 2. d4 d5 3. Nc3 dxe4 4. Nxe4 Nf6 5. Nxf6+ exf6 6. c3 Bd6 7. Bd3 O-O 8. Ne2 Qc7 9.
Qc2 Kh8 10. Be3 h6 11. Qd2 h5 12. O-O-O g6 13. h4 Be6 14. c4 Qc8 15. Kb1 Bf5 16. Bf4 Bxd3+ 17. Qxd3 Qd7 18. Bxd6 Qxd6 19.
f3 Qd7 20. Rdg1 f5 21. Qd2 Kg7 22. Qg5 Qe6 23. Ng3 Kh7 24. c5 Na6 25. a3 Rad8 26. Rd1 Rd5 27. Rhe1 Qd7 28. Qf6 Nxc5 29.
Re7 Qd8 30. Rxf7+ Rxf7 31. Qxf7+ Kh6 32. Nxh5 gxh5 33. Re1 Rxd4 34. Qxf5 Rd1+ 35. Rxd1 Qxd1+ 36. Ka2 Qd5+ 37. Qxd5 cxd5 38.
g4 hxg4 39. fxg4 Ne4 40. Kb3 Nf2 41. g5+ Kh5 42. Kc3 Nd1+ 43. Kd4 Nxb2 44. Kxd5 Nd3 45. Kd6 a6 46. Kc7 Kxh4 47. g6 Nc5 48.
g7 Ne6+ 49. Kxb7 Nxg7 50. Kxa6 Ne6 51. Kb6 Nd4 52. a4 Nb3 53. Kb5 Kg5 54. Kb4 Nd4 55. Kc4 Nc6 56. Kc5 Na7 57. a5 Kf6 58.
Kb6 Nc8+ 59. Kc7 Na7 60. Kb7 Nb5 61. a6 Ke7 62. Kb6 Nd6 63. Kc6 Nc8 64. Kc7 Na7 65. Kb7 Nb5 1/2-1/2

[Event "NJSK 2022 Meisjes C"]
[Site "Almelo, Netherlands"]
[Date "2022.05.06"]
[Round "6.6"]
[White "Roebers, Bregje"]
[Black "Van Apeldoorn, Vera"]
[Result "0-1"]
[TimeControl "90min/40moves + 30min + 30sec/move"]
[WhiteElo "1214"]
[BlackElo "1022"]

1. e4 e5 2. Nf3 Nc6 3. d4 exd4 4. Nxd4 Nf6 5. Nxc6 bxc6 6. Bd3 Bc5 7. Bg5 h6 8. Bh4 Be7 9. Nd2 O-O 10.
O-O d5 11. exd5 cxd5 12. Nb3 Qd6 13. Bg3 Qd8 14. Re1 Be6 15. Nd4 Bd7 16. Bxc7 Qxc7 17. Rxe7 Qc5 18. Re1 Qb6 19. Nb3 Ng4 20. Qd2 Qd6 21. g3 Rab8 22.
Be2 Qc6 23. Bxg4 Bxg4 24. f4 Rfc8 25. c3 a5 26. Nd4 Qb6 27. b3 Qc5 28. Rac1 Qb6 29. Re3 Rb7 30. Rce1 Rbb8 31. Re7 Be6 32.
f5 Bxf5 33. R7e5 Be4 34. Qf4 Rxc3 35. Qd2 Rd3 36. Qf2 Qxd4 0-1

[Event "NJSK 2022 Meisjes C"]
[Site "Almelo, Netherlands"]
[Date "2022.05.06"]
[Round "6.7"]
[White "Koorevaar, Sarah-Joy"]
[Black "De Bruijne, Marlies"]
[Result "1-0"]
[TimeControl "90min/40moves + 30min + 30sec/move"]
[WhiteElo "849"]
[BlackElo "858"]

1. d4 Nf6 2. c4 e6 3. Nc3 d5 4.
Nf3 dxc4 5. e4 Bb4 6. Bg5 h6 7. Bxf6 gxf6 8. Bxc4 Bd7 9. O-O Bxc3 10. bxc3 Qe7 11. d5 a6 12. Re1 e5 13.
Nh4 Qc5 14. Qd3 Bb5 15. Bxb5+ Qxb5 16. Qxb5+ axb5 17. Red1 Nd7 18. a3 O-O-O 19. Nf5 Kb8 20. Rab1 Nc5 21. f3 Na4 22. Rdc1 c6 23.
dxc6 bxc6 24. c4 h5 25. cxb5 Nb6 26. bxc6 Kc7 27. a4 Rb8 28. a5 Na4 29. Rxb8 Rxb8 30. Ng7 Rh8 31. a6 Nb6 32.
Nf5 Ra8 33. Ng7 Rxa6 34. Ne8+ Kb8 35. c7+ Kb7 36. Nd6+ Ka7 37. c8=Q Nxc8 38. Nxc8+ Kb7 39. Ne7 Re6 40. Nd5 Rd6 41.
Rc7+ Kb8 42. Rxf7 Rc6 43. Rxf6 Rc1+ 44. Kf2 h4 45. Ne3 Ra1 46. Rb6+ Ka7 47. Rb2 Ka6 48. h3 Ka5 49. Nc4+ Ka4 50.
Nxe5 Rc1 51. Ng6 Ka3 52. Re2 Kb3 53. Nxh4 Kc4 54. g4 Kd4 55. f4 Rc3 56. Nf5+ Kc5 57. e5 Rxh3 58. e6 Rh2+ 59.
Kf3 Rh3+ 60. Kg2 Ra3 61. e7 Ra4 62. e8=Q Rxf4 63. Qe5+ Kc6 64. Qxf4 Kd5 65. Qd4+ Kc6 66. Rc2+ Kb5 67. Qc4+ Ka5 68. Qb3 Ka6 69.
Ra2# 1-0

[Event "NJSK 2022 Meisjes C"]
[Site "Almelo, Netherlands"]
[Date "2022.05.06"]
[Round "6.8"]
[White "Jonkman, Sophia"]
[Black "Yildirim, Azra"]
[Result "1/2-1/2"]
[TimeControl "90min/40moves + 30min + 30sec/move"]
[WhiteElo "1417"]
[BlackElo "985"]

1. d4 d5 2. c4 Bf5 3. Nc3 e6 4.
Nf3 Nc6 5. b3 h6 6. Bb2 Nf6 7. g3 Nb4 8. Rc1 c6 9. a3 Na6 10. cxd5 Nxd5 11. Nxd5 Qxd5 12. Bg2 Bxa3 13. Nh4 Qa5+ 14.
Bc3 Bb4 15. Qd2 O-O-O 16. e3 Nc5 17. Nxf5 exf5 18. Bxb4 Qxb4 19. Rxc5 Qxc5 20. dxc5 Rxd2 21. Kxd2 Kc7 22. Kc3 b6 23.
b4 Ra8 24. Ra1 a5 25. cxb6+ Kxb6 26. bxa5+ Kb5 27. a6 Ra7 28. h3 g5 29. Rb1+ Kxa6 30. Ra1+ Kb6 31. Rxa7 Kxa7 32. Bxc6 f4 33.
e4 f6 34. Kd4 Kb6 35. Kd5 fxg3 36. fxg3 h5 37. e5 fxe5 38. Kxe5 Kxc6 39. Kf5 h4 40. gxh4 gxh4 41. Kg5 Kd6 42.
Kxh4 Ke6 43. Kg5 Kf7 1/2-1/2

[Event "NJSK 2022 Meisjes C"]
[Site "Almelo, Netherlands"]
[Date "2022.05.06"]
[Round "6.9"]
[White "Hagen, Carlijn"]
[Black "Verbunt, Lisa"]
[Result "1-0"]
[TimeControl "90min/40moves + 30min + 30sec/move"]
[WhiteElo "783"]
[BlackElo "807"]

1. e4 e6 2. d4 d5 3. e5 c5 4. dxc5 Bxc5 5. Nf3 Nc6 6. Bb5 Qb6 7. Bxc6+ bxc6 8. O-O Ne7 9. a3 a5 10.
c3 Nf5 11. Nbd2 Ba6 12. c4 dxc4 13. Ne4 c3 14. Nxc5 Bxf1 15. Qd7+ Kf8 16. Ng5 Nh6 17. Ngxe6+ Kg8 18. Bxh6 gxh6 19.
bxc3 fxe6 20. Nxe6 Qa7 21. Qxa7 Rxa7 22. Rxf1 Kf7 23. Nd4 c5 24. Nb5 Re7 25. f4 Rd7 26. Nd6+ Ke6 27. Ne4 Rd5 28.
c4 Rd4 29. Nxc5+ Ke7 30. Nb3 Rxc4 31. Nxa5 Ra4 32. Nc6+ Kd7 33. Nb4 Rxa3 34. Rd1+ Ke6 35. Rd6+ Kf5 36. Rxh6 Kxf4 37. e6 Rd8 38.
g3+ Kf3 39. Rf6+ Ke2 40. Rf2+ Ke1 41. Nc2+ Kd1 42. Nxa3 1-0

[Event "NJSK 2022 Meisjes C"]
[Site "Almelo, Netherlands"]
[Date "2022.05.07"]
[Round "7.1"]
[White "Feng, Elysia"]
[Black "Damen, Josephine"]
[Result "1-0"]
[TimeControl "90min/40moves + 30min + 30sec/move"]
[WhiteElo "1641"]
[BlackElo "1600"]

1. e4 e5 2. Nf3 Nc6 3. Bb5 a6 4. Bxc6 dxc6 5. O-O Bg4 6. h3 h5 7. d3 Qf6 8. Nbd2 g5 9. Re1 Bxf3 10.
Qxf3 Qg6 11. Qf5 Qxf5 12. exf5 f6 13. d4 Bd6 14. Nc4 b5 15. dxe5 O-O-O 16. Nxd6+ cxd6 17. exf6 g4 18.
hxg4 hxg4 19. f7 Nh6 20. Bxh6 Rxh6 21. Re6 Rh7 22. Rf6 Rf8 23. Rd1 Rhxf7 24. Rxf7 Rxf7 25. Rxd6 Kc7 26. Rg6 Rxf5 27.
Rxg4 Rd5 28. Rg3 Rd1+ 29. Kh2 Rd2 30. Rc3 Rxf2 31. Kg3 Rf1 32. Rf3 Ra1 33. a3 Ra2 34. Rb3 a5 35. Kf4 a4 36. Rb4 Ra1 37. c4 Kb6 38. g4 Kc5 39. cxb5 cxb5 40. Kf5 Rd1 41.
g5 Rd5 42. Kf6 Rd6+ 43. Kg7 Rd7+ 44. Kh6 Rd4 45. Rxd4 Kxd4 46. g6 Kc4 47. g7 Kb3 48. g8=Q+ Kxb2 49. Qg3 Ka2 50. Qc3 Kb1 51.
Qd2 b4 52. axb4 a3 53. b5 a2 54. Qxa2+ Kxa2 55. b6 1-0

[Event "NJSK 2022 Meisjes C"]
[Site "Almelo, Netherlands"]
[Date "2022.05.07"]
[Round "7.2"]
[White "Maris, Lauri"]
[Black "Fu, Janice"]
[Result "1-0"]
[TimeControl "90min/40moves + 30min + 30sec/move"]
[WhiteElo "1619"]
[BlackElo "1344"]

1. e4 e5 2. Nf3 Nc6 3. Bc4 Bc5 4. c3 Nf6 5. d3 a6 6. O-O d6 7. b4 Ba7 8. a4 h6 9. Qb3 O-O 10.
h3 Ne7 11. Be3 c6 12. Bxa7 Rxa7 13. Qc2 d5 14. Bb3 Ng6 15. Nbd2 Re8 16. Rfe1 Qc7 17. Nf1 b6 18. a5 b5 19.
Ng3 Qd6 20. Rac1 Bd7 21. Qd2 Raa8 22. Rcd1 Rac8 23. Rc1 Rcd8 24. Rcd1 Bc8 25. Bc2 c5 26. exd5 Qxd5 27. Ne4 Nxe4 28.
dxe4 Qxd2 29. Rxd2 Rxd2 30. Nxd2 Rd8 31. Nf3 c4 32. Rd1 Rxd1+ 33. Bxd1 Bb7 34. Nd2 f6 35. g3 Kf7 36. Bh5 Bc6 37.
f4 Bb7 38. f5 Ke7 39. Bxg6 Bc6 40. Kf2 Be8 41. Bxe8 Kxe8 42. Kf3 Kf7 43. Nf1 g6 44. fxg6+ Kxg6 45. Ne3 h5 46. Nd5 f5 47.
Nc7 fxe4+ 48. Kxe4 1-0

[Event "NJSK 2022 Meisjes C"]
[Site "Almelo, Netherlands"]
[Date "2022.05.07"]
[Round "7.3"]
[White "Van Apeldoorn, Vera"]
[Black "Westerhof, Fleur"]
[Result "0-1"]
[TimeControl "90min/40moves + 30min + 30sec/move"]
[WhiteElo "1022"]
[BlackElo "1509"]

1. d4 d5 2. c4 e6 3. Nc3 Nf6 4. cxd5 exd5 5. Nf3 Be7 6. Bf4 O-O 7. h3 c5 8. e3 Nc6 9. Be2 cxd4 10.
exd4 Bf5 11. O-O Ne4 12. Nxe4 dxe4 13. Nd2 Qxd4 14. Rb1 Qf6 15. Bg4 Bg6 16. Be3 Qd6 17. Qa4 f5 18. Be2 Kh8 19.
Rfd1 Qf6 20. Bf4 Rad8 21. Nc4 Rxd1+ 22. Qxd1 Rd8 23. Qc1 Nd4 24. Bf1 Ne6 25. Be5 Qg5 26. Qc3 Bf6 27. Bxf6 Qxf6 28.
Qb4 b6 29. Qa3 Qf7 30. Ne5 Qc7 31. Nxg6+ hxg6 32. b3 Nc5 33. Rc1 Qb7 34. b4 Nd3 35. Rd1 Qd7 36. Qb3 Qd5 37. Qc3 Qd4 38.
Qd2 Rd7 39. a3 Rd6 40. a4 Qd5 41. b5 Nb4 42. Qxd5 Rxd5 43. Rc1 Rc5 44. Rd1 Nd5 45. Rb1 Nc3 46. Ra1 Rd5 47. Ra3 Nb1 48.
Ra1 Nd2 49. Be2 Nb3 50. Ra3 Nc5 51. a5 Nd3 52. axb6 axb6 53. Rc3 Rxb5 54. Bxd3 exd3 55. Rxd3 Kg8 56. Kf1 Kf7 57. Ke2 Ke6 58. Kd2 Rd5 59. Rxd5 Kxd5 60. Kc3 Kc5 61. Kb3 Kb5 62.
g4 fxg4 63. hxg4 g5 64. Kc3 Ka4 65. Kb2 Kb4 66. f3 g6 67. Kc2 Ka3 68. Kc3 b5 69. Kc2 b4 70. Kb1 Kb3 71. Kc1 Ka2 72.
Kc2 b3 73. Kc3 b2 74. f4 gxf4 75. g5 b1=Q 76. Kc4 Qb3+ 77. Kc5 f3 78. Kc6 f2 79. Kd6 f1=Q 80. Ke5 Qf5+ 81. Kd4 0-1

[Event "NJSK 2022 Meisjes C"]
[Site "Almelo, Netherlands"]
[Date "2022.05.07"]
[Round "7.4"]
[White "Liu, Chia-Yun"]
[Black "Knobbe, Elise"]
[Result "0-1"]
[TimeControl "90min/40moves + 30min + 30sec/move"]
[WhiteElo "1148"]
[BlackElo "1553"]

1. e4 c5 2. Nf3 Nc6 3. d4 cxd4 4.
Nxd4 g6 5. Be2 Bg7 6. Be3 Nf6 7. Nc3 O-O 8. Qd2 d5 9. exd5 Nxd5 10. Nxd5 Qxd5 11. Nxc6 Qxc6 12. c3 Qxg2 13. O-O-O Be6 14.
Kb1 Qe4+ 15. Bd3 Qa4 16. b3 Qa5 17. Bd4 Bxd4 18. cxd4 Qxd2 19. Rxd2 Rfd8 20. Bc2 Rd7 21. h4 Rad8 22.
Be4 Bd5 23. Bxd5 Rxd5 24. Re1 e6 25. Re4 e5 26. Kc2 exd4 27. Kd3 R8d7 28. Rc2 Rf5 29. Rxd4 Rxd4+ 30. Kxd4 Rf4+ 31. Ke3 Rxh4 32.
Rc8+ Kg7 33. Rb8 Rb4 34. Ra8 a6 35. Rd8 h5 36. Rd1 g5 37. Rd4 Rxd4 38. Kxd4 h4 39. Ke4 h3 40. Kf3 g4+ 41.
Kg3 f5 42. f3 Kg6 43. f4 Kf6 44. a4 Ke6 45. b4 Kd5 46. b5 axb5 47. axb5 Kc5 48. b6 Kxb6 49. Kh4 h2 50. Kg5 h1=Q 51.
Kxf5 Qf3 52. Kg5 g3 53. f5 g2 54. f6 Qxf6+ 55. Kxf6 g1=Q 56. Ke6 Qd4 57. Kf5 Qe3 58. Kg4 Qf2 59.
Kh5 Kc5 60. Kg5 Kd5 61. Kg6 Ke6 62. Kg7 Qf6+ 63. Kh7 Qg5 64. Kh8 Kf7 65. Kh7 Qg7 0-1

[Event "NJSK 2022 Meisjes C"]
[Site "Almelo, Netherlands"]
[Date "2022.05.07"]
[Round "7.5"]
[White "Gergin, Isafara"]
[Black "Yildirim, Azra"]
[Result "1-0"]
[TimeControl "90min/40moves + 30min + 30sec/move"]
[WhiteElo "1723"]
[BlackElo "985"]

1. e4 e5 2. Nf3 Nc6 3. Bc4 Bc5 4. c3 Nf6 5. d3 h6 6. Bb3 d6 7. h3 O-O 8. Nbd2 a6 9. Nf1 Be6 10.
Bc2 Qd7 11. Ng3 d5 12. Qe2 Rad8 13. O-O Bxh3 14. gxh3 Qxh3 15. Be3 Bxe3 16. Qxe3 d4 17. Qe2 Rd6 18. Rfe1 Nh5 19. Qf1 Qg4 20.
Nh2 Qg5 21. Qh3 Rg6 22. Nf3 1-0

[Event "NJSK 2022 Meisjes C"]
[Site "Almelo, Netherlands"]
[Date "2022.05.07"]
[Round "7.6"]
[White "Kulikova, Polina"]
[Black "Roebers, Bregje"]
[Result "1-0"]
[TimeControl "90min/40moves + 30min + 30sec/move"]
[WhiteElo "1117"]
[BlackElo "1214"]

1. d4 d5 2. c4 e6 3. Nf3 Nf6 4.
Bg5 Be7 5. Nc3 c6 6. e3 O-O 7. Qc2 h6 8. Bxf6 Bxf6 9. Bd3 Na6 10. a3 Nc7 11. h3 Qe7 12. g4 g5 13. O-O-O Kg7 14.
Rh2 Rh8 15. Rdh1 e5 16. dxe5 Bxe5 17. Nxe5 Qxe5 18. cxd5 Nxd5 19. Nxd5 cxd5 20. Qc3 Qxc3+ 21. bxc3 Be6 22. Be2 Rac8 23.
Kb2 f6 24. h4 f5 25. gxf5 Bxf5 26. Bf3 Be4 27. Bxe4 dxe4 28. hxg5 hxg5 29. Rxh8 Rxh8 30. Rxh8 Kxh8 31. c4 Kg7 32.
Kc3 Kf6 33. Kd4 Kf5 34. c5 a6 35. a4 g4 36. a5 1-0

[Event "NJSK 2022 Meisjes C"]
[Site "Almelo, Netherlands"]
[Date "2022.05.07"]
[Round "7.7"]
[White "Tunyluhulima, Serana"]
[Black "Jonkman, Sophia"]
[Result "0-1"]
[TimeControl "90min/40moves + 30min + 30sec/move"]
[WhiteElo "1617"]
[BlackElo "1417"]

1. e4 e6 2. d4 d5 3. e5 c5 4.
c3 Nc6 5. Nf3 Qa5 6. Bd2 Qb6 7. Bc1 Nge7 8. Na3 a6 9. Qa4 Bd7 10. Nb5 Nc8 11. c4 Rb8 12. Nc3 dxc4 13. Qxc4 cxd4 14.
Na4 Qb4+ 15. Qxb4 Bxb4+ 16. Bd2 Bxd2+ 17. Nxd2 Nxe5 18. Nc5 Bb5 19. Bxb5+ axb5 20. O-O Nb6 21. Ndb3 Nc6 22. Rad1 e5 23.
Rfe1 O-O 24. Nd2 Rfe8 25. Nf3 f6 26. Re4 Na4 27. Nxa4 bxa4 28. Nh4 g6 29. Rg4 Kf7 30. Re1 Ne7 31.
Nf3 Rbc8 32. Nd2 Rc2 33. Ne4 Nf5 34. Ng3 Nxg3 35. Rxg3 Rxb2 36. Ra3 b5 37. h3 Rc8 38. Rd1 Rcc2 39.
Rf3 Rxa2 40. Re1 Re2 41. Rc1 Rec2 42. Re1 b4 43.
Rxe5 b3 44. Rb5 Rc7 45. Rf4 b2 46. Rh4 Kg7 47. Rxd4 Ra1+ 48. Kh2 b1=Q 49. Rxb1 Rxb1 50.
Rxa4 Rbc1 51. Re4 R1c4 52. Re3 h5 53. f3 f5 54. g3 Rc2+ 55. Kg1 Rd7 56. Re1 Rdd2 57. Kf1 Rf2+ 58. Kg1 Rg2+ 59.
Kh1 Rxg3 60. Rg1 Rxh3# 0-1